 Dungeon Crawl Stone Soup version 0.20.0-15-g7f486f2 (webtiles) character file.

12270 SexyTroll44 the Destroyer (level 11, -5/92 HPs)
             Began as a Green Draconian Conjurer on July 1, 2017.
             Was an Elder of Vehumet.
             Killed from afar by a manticore (12 damage)
             ... with a volley of spikes
             ... on level 11 of the Dungeon on July 2, 2017.
             The game lasted 00:55:43 (11034 turns).

SexyTroll44 the Destroyer (DrCj)                   Turns: 11034, Time: 00:55:44

Health: -5/92      AC: 12    Str: 13    XL:     11   Next: 60%
Magic:  18/25      EV: 12    Int: 19    God:    Vehumet [****..]
Gold:   631        SH:  0    Dex: 20    Spells: 16/31 levels left

rFire    x . .     SeeInvis .   H - +9 trident of Zoiguv {pierce, *Corrode rF- MR++ Dex+6}
rCold    . . .     Gourm    .   (no shield)
rNeg     . . .     Faith    .   (armour unavailable)
rPois    +         Spirit   .   S - +1 hat {MR+}
rElec    .         Reflect  .   l - +0 cloak
rCorr    .         Harm     .   e - +1 pair of gloves
MR       +++++                  N - +0 pair of boots
Stlth    ++........             (no amulet)
Regen    0.3/turn               r - ring of wizardry
MPRegen  0.2/turn               s - +5 ring of strength

@: lethally poisoned (-5 -> -9), about to teleport, short of breath, barbed
spikes
A: breathe noxious fumes, unfitting armour, agile 1, magic resistance 2, poison
resistance, weak 1, cold-blooded, subdued magic 1, AC +7
a: Breathe Noxious Fumes, Renounce Religion


You were on level 11 of the Dungeon.
You worshipped Vehumet.
Vehumet was greatly pleased with you.
You were not hungry.

You visited 2 branches of the dungeon, and saw 12 of its levels.

You collected 840 gold pieces.
You spent 209 gold pieces at shops.

Inventory:

Hand Weapons
 j - a +1 whip of electrocution
 k - a +2 whip of freezing
 u - a +2 hand crossbow of velocity
 H - the +9 trident of Zoiguv (weapon) {pierce, *Corrode rF- MR++ Dex+6}
   (You found it on level 7 of the Dungeon)

   It inflicts extra damage upon your enemies.
   It affects your dexterity (+6).
   It makes you vulnerable to fire.
   It affects your resistance to hostile enchantments.
   It may corrode you when you take damage.
 M - a +3 scimitar of flaming
 O - the +8 dagger of Generosity {drain, *Slow rElec Str+4}
   (You found it on level 6 of the Dungeon)

   A truly terrible weapon, it drains the life of those it strikes.
   It affects your strength (+4).
   It insulates you from electricity.
   It may slow you when you take damage.
Missiles
 q - 29 poisoned needles
 v - 92 bolts
 y - 245 arrows
Armour
 e - a +1 pair of gloves (worn)
 l - a +0 cloak (worn)
 N - a +0 pair of boots (worn)
 S - a +1 hat of magic resistance (worn)
Jewellery
 c - an uncursed ring of positive energy
 r - a ring of wizardry (left hand)
 s - a +5 ring of strength (right hand)
Wands
 I - a wand of flame (32/48)
 J - a wand of flame (21/48)
 L - a wand of enslavement (9/24)
 P - a wand of enslavement (6/24)
Scrolls
 i - 3 scrolls of enchant armour
 n - 2 scrolls of enchant weapon
 p - 3 scrolls of remove curse
 z - a scroll of recharging
 B - a scroll of fog
 C - 6 scrolls of teleportation
 F - 2 scrolls of magic mapping
 R - a scroll of amnesia
Potions
 f - a potion of heal wounds
 g - 3 potions of agility
 m - 2 potions of ambrosia
 o - a potion of haste
 t - 4 potions of curing
 w - a potion of resistance
 x - 2 potions of mutation {unknown}
 D - 3 potions of might {unknown}
 E - a potion of lignification {unknown}
 G - a potion of cancellation {unknown}
 Q - 2 potions of invisibility
 T - a potion of brilliance {unknown}
Books
 a - a book of Conjurations

   Spells                             Type                      Level
   a - Magic Dart                     Conjuration                  1
   b - Searing Ray                    Conjuration                  2
   c - Dazzling Spray                 Conjuration/Hexes            3
   d - Fulminant Prism                Conjuration/Hexes            4
   e - Force Lance                    Conjuration/Translocation    4
   f - Iskenderun's Mystic Blast      Conjuration                  4
 K - a book of Cantrips

   Spells                             Type                      Level
   a - Confusing Touch                Hexes                        1
   b - Animate Skeleton               Necromancy                   1
   c - Summon Small Mammal            Summoning                    1
   d - Apportation                    Translocation                1
Comestibles
 b - 9 bread rations
 d - 5 royal jellies
 h - a fruit
 A - 10 meat rations
 U - 6 chunks of flesh


   Skills:
 + Level 7.1 Fighting
 - Level 1.7 Dodging
 - Level 1.7 Stealth
 * Level 10.7 Spellcasting
 * Level 11.9 Conjurations
 + Level 6.4 Translocations


You had 16 spell levels left.
You knew the following spells:

 Your Spells              Type           Power        Failure   Level  Hunger
a - Magic Dart            Conj           ####         0%          1    None
b - Searing Ray           Conj           #####.       1%          2    None
c - Fulminant Prism       Conj/Hex       ####......   1%          4    ##.....
d - Force Lance           Conj/Tloc      ####....     1%          4    ##.....
e - Apportation           Tloc           ####..       1%          1    None
f - Mephitic Cloud        Conj/Pois/Air  ###.....     1%          3    None


Dungeon Overview and Level Annotations

Branches:
Dungeon (11/15)            Temple (1/1) D:4            Lair (0/6) D:8
    Orc (0/2) D:9

Altars:
Ashenzari
Cheibriados
Dithmenos
Elyvilon
Fedhas
Gozag
Hepliaklqana
Kikubaaqudgha
Makhleb
Nemelex Xobeh
Okawaru
Qazlal
Ru
Sif Muna
Trog
Uskayaw
Vehumet
Xom
Yredelemnul
Zin
The Shining One

Shops:
D:6 :}!:   D:8 [

Annotations:
D:8 anp's ghost, novice CeHu
D:11 Urug


Innate Abilities, Weirdness & Mutations

You can breathe blasts of noxious fumes.
Your lurid green scales are hard. (AC +7)
You cannot fit into any form of body armour.
Your system is resistant to poisons. (rPois)
You are cold-blooded and may be slowed by cold attacks.
You are agile. (Dex +2)
You are highly resistant to hostile enchantments. (MR++)
You are weak. (Str -2)
Your spells are a little easier to cast, but a little less powerful.


Message History

Wield which item (- for none, * to show all)? (? for menu, Esc to quit)
H - the +9 trident of Zoiguv (weapon)
{pierce, *Corrode rF- MR++ Dex+6} The deep elf annihilator seems less confused.
Urug barely misses you.
You feel much better.
The deep elf annihilator casts a spell at you.
The poison arrow hits you!
You are poisoned.
You partially resist.
You hear an angry hiss.
As you read the scroll of teleportation, it crumbles to dust.
You feel strangely unstable.
You feel sick.
The deep elf annihilator mumbles some strange words.
The deep elf annihilator blinks!
Urug hits you with a great mace of protection!!
* * * LOW HITPOINT WARNING * * *
The manticore flicks its tail.
The volley of spikes hits you!
The barbed spikes become lodged in your body.
You die...

..(.( ........
.o. ........ ...
......#####.#####
.....#.........#
#...#.#(###+#
+...#.#.....#
#...#.###'###
#.(..@o.((((+ ..
#...#.###+###
...###+#...#.#
........H..#ยง#
...........#..
########....###
#......#....#
#......'....#
#......#....#


You could see Urug and a manticore.

Vanquished Creatures
  Gastronok (D:10)
  Erica (D:10)
  A two-headed ogre (D:8)
  Pikel (D:8)
  A manticore (D:11)
  Maurice (D:9)
  A troll (D:10)
  A hornet (D:8)
  5 hippogriffs
  A shadow (D:8)
  A wyvern (D:10)
  12 yaks
  2 hungry ghosts
  Grum (D:9)
  The ghost of Hylus the Covert, an amateur OpAs (D:3)
  An acid dragon (D:11)
  A water moccasin (D:10)
  4 sky beasts
  3 black bears
  An eye of draining (D:10)
  2 orc warriors
  A phantom (D:9)
  4 ogres
  3 centaurs
  3 wolves (D:9)
  2 big kobolds
  9 bullfrogs
  2 scorpions (D:4)
  A howler monkey (D:3)
  3 wights (D:3)
  6 crimson imps
  2 bullfrog zombies
  4 centaur zombies
  2 quasits
  7 hounds
  3 orc priests
  Crazy Yiuf (D:4)
  10 orc wizards
  2 bullfrog skeletons (D:6)
  2 iguanas (D:8)
  8 worker ants
  Natasha (thrice) (D:2)
  3 hound skeletons
  14 gnolls
  10 adders
  4 shadow imps
  3 worms
  4 dart slugs
  5 leopard geckos
  55 orcs
  5 giant cockroaches
  7 goblins
  7 hobgoblins
  11 jackals
  20 kobolds
  8 quokkas
  8 bats
  8 frilled lizards
  A jackal skeleton (D:5)
  A leopard gecko skeleton (D:5)
  A quokka skeleton (D:4)
  A quokka zombie (D:5)
  9 rats
  3 fulminant prisms
309 creatures vanquished.

Vanquished Creatures (others)
  3 slaves (D:8)
  A worker ant (D:8)
  69 fulminant prisms
73 creatures vanquished.

Grand Total: 382 creatures vanquished

Notes
Turn   | Place    | Note
-------+----------+-------------------------------------------
     0 | D:1      | SexyTroll44 the Draconian Conjurer began the quest for the Orb.
     0 | D:1      | Reached XP level 1. HP: 14/14 MP: 3/3
   205 | D:1      | Reached XP level 2. HP: 13/20 MP: 0/5
   255 | D:1      | Learned a level 2 spell: Searing Ray
   506 | D:1      | Found a shattered altar of Ashenzari.
   605 | D:1      | Reached XP level 3. HP: 26/26 MP: 0/6
  1405 | D:2      | Reached XP level 4. HP: 33/33 MP: 0/8
  1430 | D:2      | Reached skill level 5 in Conjurations
  1570 | D:2      | Noticed Natasha
  1575 | D:2      | Killed Natasha
  1925 | D:2      | Reached XP level 5. HP: 27/38 MP: 0/10
  1996 | D:2      | Noticed Natasha
  2001 | D:2      | Killed Natasha
  2235 | D:2      | Noticed Natasha
  2238 | D:2      | Killed Natasha
  2311 | D:3      | Noticed Hylus's ghost (amateur OpAs)
  2322 | D:3      | Killed Hylus's ghost
  2322 | D:3      | Reached skill level 6 in Conjurations
  2322 | D:3      | Reached XP level 6. HP: 45/45 MP: 2/12
  2480 | D:3      | Learned a level 4 spell: Fulminant Prism
  2485 | D:3      | Learned a level 4 spell: Force Lance
  3113 | D:3      | Found a deep blue altar of Sif Muna.
  3115 | D:3      | Found a basalt altar of Yredelemnul.
  3179 | D:3      | Your scales start taking on a lurid green colour.
  3179 | D:3      | Reached XP level 7. HP: 50/50 MP: 10/14
  3179 | D:3      | Gained mutation: Your system is resistant to poisons. (rPois) [Green Draconian growth]
  3199 | D:3      | Found a bloodstained altar of Trog.
  3199 | D:3      | Found a snail-covered altar of Cheibriados.
  3201 | D:3      | Found a radiant altar of Vehumet.
  3290 | D:4      | Reached skill level 5 in Spellcasting
  3359 | D:4      | Reached skill level 7 in Conjurations
  3477 | D:4      | Found a shadowy altar of Dithmenos.
  3626 | D:4      | Found a runed door.
  3630 | D:4      | Noticed Crazy Yiuf
  3639 | D:4      | Killed Crazy Yiuf
  3693 | D:4      | Found a staircase to the Ecumenical Temple.
  3709 | Temple   | Entered the Ecumenical Temple
  4287 | D:3      | Became a worshipper of Vehumet
  4416 | D:5      | Entered Level 5 of the Dungeon
  4678 | D:5      | Reached XP level 8. HP: 57/57 MP: 6/17
  4765 | D:5      | Reached skill level 8 in Conjurations
  4858 | D:5      | Found a glowing golden altar of the Shining One.
  4985 | D:5      | Found a stormy altar of Qazlal.
  5419 | D:6      | Reached * piety under Vehumet
  5419 | D:6      | Offered knowledge of Shock by Vehumet.
  5419 | D:6      | Reached skill level 1 in Fighting
  5505 | D:6      | Learned a level 1 spell: Apportation
  5564 | D:6      | Found Cuuhuat's Book Shoppe.
  5702 | D:6      | Reached skill level 1 in Translocations
  5788 | D:6      | Found Ostraf's Book Emporium.
  6023 | D:6      | Reached skill level 9 in Conjurations
  6023 | D:6      | Reached XP level 9. HP: 58/68 MP: 15/20
  6164 | D:6      | Found Mussi's Gadget Emporium.
  6181 | D:6      | Got a scorched dagger
  6182 | D:6      | Identified the +8 dagger of Generosity {drain, *Slow rElec Str+4} (You found it on level 6 of the Dungeon)
  6198 | D:6      | Found Danoppi's Distillery.
  6215 | D:6      | Bought a potion of degeneration for 11 gold pieces
  6215 | D:6      | Bought a potion of heal wounds for 55 gold pieces
  6215 | D:6      | Bought a potion of heal wounds for 55 gold pieces
  6215 | D:6      | Bought a potion of invisibility for 88 gold pieces
  6318 | D:7      | Reached ** piety under Vehumet
  6318 | D:7      | Offered knowledge of Flame Tongue by Vehumet.
  6884 | D:7      | Got an ivory trident
  6885 | D:7      | Identified the +9 trident of Zoiguv {pierce, *Corrode rF- MR++ Dex+6} (You found it on level 7 of the Dungeon)
  6900 | D:7      | Got an ancient hand axe
  6901 | D:7      | Identified the cursed +3 hand axe "Unipredd" {chop, Str+4} (You found it on level 7 of the Dungeon)
  7380 | D:8      | Reached skill level 10 in Conjurations
  7421 | D:8      | Offered knowledge of Conjure Flame by Vehumet.
  7433 | D:8      | Noticed anp's ghost (novice CeHu)
  7718 | D:8      | Reached *** piety under Vehumet
  7723 | D:8      | Reached XP level 10. HP: 45/80 MP: 12/22
  7885 | D:8      | Found Taprab's Armour Boutique.
  8075 | D:8      | Reached skill level 5 in Fighting
  8148 | D:8      | Found a staircase to the Lair.
  8178 | D:8      | Noticed Pikel
  8187 | D:8      | Killed Pikel
  8806 | D:8      | Noticed a two-headed ogre
  8821 | D:8      | Killed a two-headed ogre
  8976 | D:9      | Found a hide-covered altar of Uskayaw.
  8976 | D:9      | Noticed a hand axe
  8976 | D:9      | Noticed a dagger
  9015 | D:9      | Offered knowledge of Mephitic Cloud by Vehumet.
  9052 | D:9      | Found a staircase to the Orcish Mines.
  9188 | D:9      | Noticed Grum
  9197 | D:9      | Reached skill level 5 in Translocations
  9201 | D:9      | Killed Grum
  9201 | D:9      | Reached skill level 11 in Conjurations
  9218 | D:9      | Got a pair of ancient gloves
  9229 | D:9      | Identified the cursed +0 pair of gloves of the Voivode {-Cast rElec Regen+ Str+2 Slay+3} (You found it on level 9 of the Dungeon)
  9272 | D:9      | Noticed Maurice
  9298 | D:9      | Killed Maurice
  9355 | D:9      | Learned a level 3 spell: Mephitic Cloud
  9403 | D:9      | Reached skill level 10 in Spellcasting
  9417 | D:9      | Reached XP level 11. HP: 20/89 MP: 9/25
  9846 | D:9      | Reached **** piety under Vehumet
  9883 | D:10     | Entered Level 10 of the Dungeon
  9924 | D:10     | Gained mutation: You are weak. (Str -2) [mutagenic meat]
  9925 | D:10     | Gained mutation: You are resistant to hostile enchantments. (MR+) [mutagenic meat]
  9926 | D:10     | Gained mutation: You are highly resistant to hostile enchantments. (MR++) [mutagenic meat]
  9927 | D:10     | Gained mutation: You are agile. (Dex +2) [mutagenic meat]
  9928 | D:10     | Gained mutation: Your spells are a little easier to cast, but a little less powerful. [mutagenic meat]
 10089 | D:10     | Noticed Gastronok
 10097 | D:10     | Offered knowledge of Yara's Violent Unravelling by Vehumet.
 10116 | D:10     | Killed Gastronok
 10426 | D:10     | Noticed Erica
 10445 | D:10     | Killed Erica
 11009 | D:11     | Noticed Urug
 11022 | D:11     | Noticed a deep elf annihilator
 11034 | D:11     | Killed from afar by a manticore

Skill      XL: |  1  2  3  4  5  6  7  8  9 10 11 |
---------------+----------------------------------+-----
Spellcasting   | 3 4 6 7 8 10 | 10.7
Conjurations   | 5 6 7 9 10 11 | 11.9
Fighting       | 2 4 6 7 |  7.1
Translocations | 1 3 5 6 |  6.4
Dodging        | |  1.7
Stealth        | |  1.7

Action                   |  1- 3 |  4- 6 |  7- 9 | 10-12 || total
-------------------------+-------+-------+-------+-------++-------
Melee: Short sword       |    29 |       |       |       ||    29
       Tailslap          |     3 |       |    18 |    19 ||    40
       Unarmed           |     1 |       |       |       ||     1
       Whip              |     8 |    24 |    86 |       ||   118
       Trident           |       |       |    15 |   147 ||   162
       Hand axe          |       |       |     5 |       ||     5
 Fire: Hand crossbow     |       |       |       |    18 ||    18
 Cast: Magic Dart        |    85 |    93 |   247 |   174 ||   599
       Fulminant Prism   |       |     2 |    26 |    44 ||    72
       Force Lance       |       |       |     9 |     5 ||    14
       Mephitic Cloud    |       |       |       |     3 ||     3
       Searing Ray       |       |       |       |     2 ||     2
 Abil: Breathe Noxious F |       |       |    11 |    10 ||    21
  Use: Scroll            |       |       |    11 |     7 ||    18
       Potion            |       |       |       |     3 ||     3
 Stab: Confused          |       |       |       |     4 ||     4
       Sleeping          |       |       |       |     2 ||     2
  Eat: Chunk             |     2 |     6 |    20 |    21 ||    49
Armor: Skin              |    15 |     2 |    49 |    86 ||   152
Dodge: Dodged            |    28 |    34 |    95 |   113 ||   270
